 Dungeon Crawl Stone Soup version 0.31.0-11-ge490571c62 (webtiles) character file.

Game seed: 11479624345187134470

956 Gadfly the Ducker (level 7, 0/52 HPs)
             Began as a Demonspawn Shapeshifter on Jan 27, 2024.
             Was an Initiate of Ru.
             Slain by a gnoll
             ... wielding a +0 spear
             ... led by a gnoll sergeant
              (3 damage)
             ... on level 6 of the Dungeon.
             The game lasted 00:05:46 (4692 turns).

Gadfly the Ducker (Demonspawn Shapeshifter)         Turns: 4692, Time: 00:05:47

Health: 0/52       AC:  3    Str: 22    XL:     7   Next: 91%
Magic:  0/7        EV: 13    Int: 10    God:    Ru [......]
Gold:   192        SH:  0    Dex: 13    Spells: 3/6 levels left

rFire   . . .        b - +0 dagger (venom)
rCold   . . .        (no shield)
rNeg    . . .        a - +1 animal skin
rPois   .            f - melded +0 helmet
rElec   .            t - melded +0 cloak
rCorr   .            (gloves currently unavailable)
SInv    +            (boots currently unavailable)
Will    .....        o - amulet of guardian spirit Stlth
                     n - ring of see invisible
HPRegen 0.28/turn    q - +6 ring of strength
MPRegen 0.10/turn

%: guardian spirit
@: beast-form
A: beast (slay +2), no stealth, demonic magic 1, demonic touch 2
a: Begin Untransformation, Renounce Religion


You were on level 6 of the Dungeon.
You worshipped Ru.
Ru was noncommittal.
You were a hulking beast.
You visited 1 branch of the dungeon, and saw 6 of its levels.

You collected 192 gold pieces.

Inventory:

Hand Weapons
 b - a +0 dagger of venom (weapon)
 m - a +5 dagger of speed
Armour
 a - a +1 animal skin (worn)
 f - a +0 helmet (melded)
 t - a +0 cloak (melded)
Jewellery
 g - a ring of protection from fire
 n - a ring of see invisible (left hand)
 o - an amulet of guardian spirit (around neck)
 q - a +6 ring of strength (right hand)
Talismans
 c - a beast talisman (active)
 d - a flux talisman
Scrolls
 h - 3 scrolls of teleportation
 s - a scroll of fog
 v - a scroll of noise {unknown}
Potions
 e - 2 potions of curing
 i - a potion of lignification
 j - a potion of attraction
 k - a potion of heal wounds {unknown}
 l - a potion of mutation
 p - a potion of might
 r - 2 potions of ambrosia
 u - a potion of degeneration {unknown}


   Skills:
 + Level 3.5 Fighting
 * Level 4.6 Dodging
 + Level 4.2 Unarmed Combat
 * Level 4.5 Evocations
 + Level 3.8 Shapeshifting


You had 3 spell levels left.
You knew the following spells:

 Your Spells              Type           Power      Damage    Failure   Level
a - Summon Small Mammal   Summ           0%         N/A       36%         1
b - Blink                 Tloc           0%         N/A       50%         2

Your spell library contained the following spells:

 Spells                   Type           Power      Damage    Failure   Level
 Necrotise                Necr           0%         1d4       36%         1
 Lesser Beckoning         Tloc           0%         N/A       50%         2
 Momentum Strike          Conj/Tloc      0%         3d8       50%         2
 Call Canine Familiar     Summ           0%         N/A       75%         3
 Confusing Touch          Hex            0%         N/A       75%         3
 Gell's Gravitas          Tloc           0%         N/A       75%         3
 Teleport Other           Tloc           0%         N/A       75%         3
 Vampiric Draining        Necr           0%         2d6       75%         3
 Martyr's Knell           Necr/Summ      0%         N/A       98%         4
 Summon Blazeheart Golem  Fire/Summ      0%         N/A       98%         4
 Curse of Agony           Necr           0%         N/A       100%        5
 Metabolic Englaciation   Hex/Ice        0%         N/A       100%        5
 Silence                  Hex/Air        0%         N/A       100%        5


Dungeon Overview and Level Annotations

Branches:
Dungeon (6/15)
 Temple: D:4-7

Altars:
Ru

Shops:
D:5 (

Annotations:
D:5 3 runed translucent doors, TheBioAlchemist's ghost, novice OpSh; howech's ghost, amateur OpEE


Innate Abilities, Weirdness & Mutations

You are a hulking beast.
Your limbs bulge with bestial killing power. (Slay +2)
You cannot be stealthy.
Spells you cast may paralyse adjacent enemies.
Your touch may inflict irresistible damage on your foes.


Message History

You hit the sleepcap but do no damage.
You touch the sleepcap.
The sleepcap is moderately damaged.
The gnoll misses you. The sleepcap completely misses you.
The gnoll hits you from afar with a +0 spear.
The gnoll completely misses you.
You hit the sleepcap but do no damage.
The sleepcap is moderately damaged.
The gnoll is no longer moving quickly. x2; The gnoll barely misses you.
The sleepcap releases spores at you! The gnoll barely misses you.
The gnoll hits you with a +0 club!
You hit the sleepcap.
The sleepcap looks as sick as possible!
You punch the sleepcap, but do no damage.
The sleepcap is heavily damaged.
The gnoll is no longer moving quickly.
The gnoll barely misses you. The sleepcap closely misses you.
The gnoll hits you from afar with a +0 spear.
The gnoll misses you. The sleepcap closely misses you.
The gnoll attacks as it pursues you! The gnoll hits you with a +0 club.
The gnoll throws a throwing net.
The throwing net hits you.
You become entangled in the net!
The sleepcap releases spores at you. The gnoll attacks as it pursues you!
The gnoll hits you from afar with a +0 spear.
* * * LOW HITPOINT WARNING * * *
You see here a throwing net.
You struggle against the net.
The gnoll is no longer moving quickly.
The sleepcap releases spores at you.
* * * LOW HITPOINT WARNING * * *
You are engulfed in a cloud of soporific spores!
You fall asleep.
The gnoll hits you from afar with a +0 spear.
You wake up.
* * * LOW HITPOINT WARNING * * *
You struggle against the net.
The gnoll barely misses you. The sleepcap completely misses you.
The gnoll barely misses you.
You rip the net and break free!
The gnoll closely misses you. x2
A gnoll comes into view.
It is wielding a +0 spear and quivering 2 throwing nets.
The sleepcap closely misses you.
The gnoll hits you from afar with a +0 spear.
You die...

.###.#>.. #.....#
#..# ####### #..##
## #.....###...##
...#............####
.......go.........
....#gg.<....#.#
#(##ggh....## .#
#.)..fg...## .
#.##g#.....#
.............#
/...g##.###.....#
#..###.##.# .......
#. #.##.# ##..### #
...... ... #.##.. .#


You could see a sleepcap (very poisoned), a gnoll sergeant, 7 gnolls and an orc.

Vanquished Creatures
  Eustachio (D:5)
  A sky beast (D:6)
  An ogre (D:5)
  2 bullfrogs
  A scorpion (D:5)
  3 hounds
  A gnoll bouda (D:6)
  2 jellies (D:5)
  4 iguanas
  An orc wizard (D:4)
  2 gnolls
  4 adders
  3 dart slugs
  9 orcs
  3 bats
  5 endoplasms
  A giant cockroach (D:2)
  8 goblins
  6 hobgoblins
  5 jackals (D:4)
  4 kobolds
  A quokka (D:1)
  3 ball pythons
  5 frilled lizards
  9 rats
85 creatures vanquished.

Notes
Turn   | Place    | Note
-------+----------+-------------------------------------------
     0 | D:1      | Gadfly the Demonspawn Shapeshifter began the quest for the
                  | Orb.
     0 | D:1      | Reached XP level 1. HP: 15/15 MP: 1/1
   187 | D:1      | Gained mutation: Your touch may inflict minor irresistible
                  | damage on your foes. [demonic ancestry]
   187 | D:1      | Reached XP level 2. HP: 19/21 MP: 2/2
   331 | D:1      | You fall into a shaft and drop 1 floor!
   782 | D:2      | Reached skill level 1 in Evocations
   782 | D:2      | Gained mutation: Your touch may inflict irresistible damage
                  | on your foes. [demonic ancestry]
   782 | D:2      | Reached XP level 3. HP: 19/26 MP: 3/3
  1126 | D:2      | Found a sacrificial altar of Ru.
  1152 | D:2      | Became a worshipper of Ru the Awakened
  2143 | D:3      | Reached XP level 4. HP: 33/33 MP: 4/4
  2350 | D:3      | Learned a level 1 spell: Summon Small Mammal
  2393 | D:4      | Gained mutation: You cannot be stealthy. [Ru sacrifice]
  2499 | D:4      | Reached XP level 5. HP: 23/38 MP: 3/5
  3266 | D:4      | Learned a level 2 spell: Blink
  3311 | D:5      | Entered Level 5 of the Dungeon
  3348 | D:5      | Reached XP level 6. HP: 40/46 MP: 6/6
  3371 | D:5      | Noticed Eustachio
  3380 | D:5      | Killed Eustachio
  3577 | D:5      | Found a runed translucent gate.
  3578 | D:5      | Found a runed translucent gate.
  3578 | D:5      | Found a runed translucent gate.
  3579 | D:5      | Noticed howech's ghost (amateur OpEE)
  3580 | D:5      | Noticed TheBioAlchemist's ghost (novice OpSh)
  3652 | D:5      | Found Jaiwn's Antique Weapon Shop.
  3752 | D:5      | Gained mutation: Spells you cast may paralyse adjacent
                  | enemies. [demonic ancestry]
  3752 | D:5      | Reached XP level 7. HP: 43/51 MP: 5/7
  4079 | D:5      | Got the Incunable of the Entrancing Winter
  4690 | D:6      | HP: 2/52 [gnoll/+0 spear[a gnoll sergeant] (5)]
  4692 | D:6      | Slain by a gnoll

Illustrated notes

Levels and vault maps discovered:
D:1:      nzn_arrival_crosshair, layout_basic
D:2:      layout_basic, basic_altar, minmay_fractal_squares_gapless_5
D:3:      layout_loops_cross, minmay_strange_pillars, minmay_misc_feat_ornament
D:4:      layout_basic
D:5:      kennysheep_six_static_rooms, layout_loops_ring,
          gammafunk_ghost_cemetery, serial_shops, nicolae_shop_back_alley_shop,
          uniq_eustachio
D:6:      layout_loops_ring, nicolae_overflow_hidden_temple

Skill      XL: |  1  2  3  4  5  6  7 |
---------------+----------------------+-----
Dodging        | 2 3 4 |  4.6
Evocations     | 1 2 3 4 |  4.5
Unarmed Combat | 3 4 |  4.2
Shapeshifting  | 3 |  3.8
Fighting       | 2 3 |  3.5

Action                     |  1- 3 |  4- 6 |  7- 9 || total
---------------------------+-------+-------+-------++-------
  Melee: Unarmed           |    34 |       |       ||    34
         Punch             |     1 |     2 |     1 ||     4
         Dagger            |    59 |    77 |    51 ||   187
         Touch             |    14 |    15 |    16 ||    45
   Cast: Blink             |       |       |     2 ||     2
 Invoke: Sacrifice Stealth |       |     1 |       ||     1
Ability: Begin Untransform |     1 |     1 |       ||     2
    Use: Scroll            |     8 |     9 |     2 ||    19
 Armour: Animal skin       |    49 |    49 |    25 ||   123
  Dodge: Dodged            |    48 |    52 |    63 ||   163
   Form: Beast             |     1 |     1 |       ||     2
